 Dungeon Crawl Stone Soup version 0.19.1 (webtiles) character file.

130 galech the Covered (level 4, -3/42 HPs)
             Began as a Deep Dwarf Fighter on Dec 7, 2016.
             Killed by divine providence
             ... invoked by an orc priest
              (15 damage)
             ... on level 3 of the Dungeon.
             The game lasted 00:11:52 (2332 turns).

galech the Covered (Deep Dwarf Fighter)             Turns: 2332, Time: 00:11:53

Health: -3/42      AC: 10    Str: 19    XL:     4   Next: 90%
Magic:  3/3        EV:  5    Int:  9    God:
Gold:   115        SH:  9    Dex: 13    Spells: 0 memorised, 3 levels left

rFire  . . .     SeeInvis .     a - +0 war axe
rCold  . . .     Gourm    .     h - +0 chain mail
rNeg   . . .     Faith    .     c - +0 shield
rPois  .         Spirit   .     (no helmet)
rElec  .         Reflect  .     E - +0 cloak
rCorr  .         Harm     .     (no gloves)
MR     .....                    (no boots)
Stlth  ..........               (no amulet)
                                (no ring)
                                (no ring)

@: non-regenerating
A: damage resistance, recharge devices, sense surroundings 1, slow regeneration
3
a: Device Recharging


You were on level 3 of the Dungeon.
You were hungry.

You visited 1 branch of the dungeon, and saw 3 of its levels.

You collected 115 gold pieces.

Inventory:

Hand Weapons
 a - a +0 war axe (weapon)
 D - a +4 quarterstaff of chaos
Armour
 b - a +0 scale mail
 c - a +0 shield (worn)
 h - a +0 chain mail (worn)
 u - a cursed +0 robe
 y - a cursed +0 chain mail
 E - a +0 cloak (worn)
Wands
 e - a wand of heal wounds (8/9)
Scrolls
 g - 4 scrolls of remove curse
 i - 2 scrolls of amnesia {unknown}
 m - a scroll of teleportation {unknown}
 o - a scroll of enchant weapon {unknown}
 v - a scroll of fog {unknown}
 B - 2 scrolls of identify {unknown}
 C - a scroll of immolation {unknown}
 F - a scroll of noise {unknown}
 G - a scroll of recharging {unknown}
Potions
 d - a potion of might
 j - a potion of berserk rage {unknown}
 k - a potion of degeneration {unknown}
 n - a potion of brilliance {unknown}
 q - 2 potions of flight {unknown}
 t - 4 potions of curing {unknown}
 w - a potion of lignification {unknown}
 x - a potion of heal wounds
Comestibles
 f - a bread ration
 l - a meat ration
 p - a beef jerky
 r - a royal jelly
 s - a slice of pizza
 z - 7 fruits
 A - a chunk of flesh


   Skills:
 + Level 3.2 Fighting
 + Level 3.4 Axes
 + Level 4.2 Armour
 + Level 0.2 Dodging
 + Level 0.3 Stealth
 + Level 4.2 Shields


You had 3 spell levels left.
You didn't know any spells.

Dungeon Overview and Level Annotations

Branches:
Dungeon (3/15)

Altars:
Gozag


Innate Abilities, Weirdness & Mutations

You are resistant to damage.
You can recharge devices by infusing magical energy.
You passively map a small area around you.
You do not regenerate.


Message History

You hear a splashing noise.
Something hits the plant but does no damage.
You enter the shallow water.
Moving in this stuff is going to be slow.
The orc priest mumbles some strange prayers to Beogh against you.
Beogh smites you!
The orc priest mumbles some strange prayers to Beogh against you.
Pain shoots through your body!
The orc priest hits you but does no damage.
You slash the orc priest!
The orc priest is almost dead.
The orc priest hits the plant but does no damage.
The orc priest hits you.
* * * LOW HITPOINT WARNING * * *
The orc priest hits the plant but does no damage.
You hit the orc priest.
You kill the orc priest!
The orc priest calls down the wrath of Beogh upon you.
Beogh smites you!
You die...

#<#PP♣≈PP.PP♣≈PP..#
#..PP≈≈..P≈P≈≈PP..#
##.PP≈≈P....≈P≈≈...* #########
...≈P♣≈P.....P≈PPo#* #........
..PPP≈PP.....P≈♣P## #....<...
...PP≈P..###.P≈≈.# #........
..≈≈≈P.#.###.≈P≈P# #........
..≈≈P.##...###P.≈########........
........##.###.!@.....)..........
##.####>........########.........
*#. ##.....#...######.......... *
#....###.......#.#........ *
,####....####......#.#........
.........###......#.######### ,
##..............÷...#
*#.###..######..##### * ...
#...## ##.#


You could see an orc priest.

Vanquished Creatures
  Crazy Yiuf (D:2)
  An orc priest (D:3)
  Ijyb (D:2)
  An ooze (D:3)
  3 worms
  A dart slug (D:1)
  A leopard gecko (D:1)
  A giant cockroach (D:2)
  6 goblins
  4 hobgoblins
  2 kobolds (D:1)
  8 bats
  A frilled lizard (D:2)
  3 rats
34 creatures vanquished.

Notes
Turn   | Place    | Note
-------+----------+-------------------------------------------
     0 | D:1      | galech the Deep Dwarf Fighter began the quest for the Orb.
     0 | D:1      | Reached XP level 1. HP: 20/20 MP: 1/1
   575 | D:1      | Reached XP level 2. HP: 25/27 MP: 2/2
  1223 | D:2      | Found an opulent altar of Gozag.
  1313 | D:2      | Noticed Ijyb
  1352 | D:2      | Killed Ijyb
  1352 | D:2      | Reached XP level 3. HP: 20/34 MP: 3/3
  1852 | D:2      | Found a runed door.
  1856 | D:2      | Noticed Crazy Yiuf
  1861 | D:2      | Killed Crazy Yiuf
  1861 | D:2      | Reached XP level 4. HP: 42/42 MP: 3/3
  2332 | D:3      | Killed from afar by an orc priest

Skill      XL: |  1  2  3  4 |
---------------+-------------+-----
Fighting       | 3 |  3.2
Armour         | 4 |  4.2
Shields        | 4 |  4.2
Axes           | 3 |  3.4
Dodging        | |  0.2
Stealth        | |  0.3

Action                   |  1- 3 |  4- 6 || total
-------------------------+-------+-------++-------
Melee: War axe           |   171 |    38 ||   209
 Abil: Device Recharging |     1 |       ||     1
Evoke: Wand              |     1 |       ||     1
  Use: Scroll            |       |     1 ||     1
  Eat: Bread ration      |     1 |       ||     1
Armor: Scale mail        |    33 |       ||    33
       Chain mail        |   106 |    15 ||   121
Dodge: Dodged            |    52 |     4 ||    56
Block: Shield            |   116 |    15 ||   131
